 Dungeon Crawl Stone Soup version 0.22-a0-422-g9628fc8 (webtiles) character file.

44 Amnesiac the Ducker (level 3, -5/19 HPs)
             Began as a Spriggan Transmuter on May 18, 2018.
             Slain by a worm (10 damage)
             ... on level 2 of the Dungeon.
             The game lasted 00:02:26 (1709 turns).

Amnesiac the Ducker (Spriggan Transmuter)           Turns: 1709, Time: 00:02:27

Health: -5/19      AC:  2    Str:  7    XL:     3   Next: 39%
Magic:  3/8        EV: 18    Int: 14    God:
Gold:   107        SH:  0    Dex: 16    Spells: 5/8 levels left

rFire    . . .     SeeInvis +     - Unarmed
rCold    . . .     Gourm    .   (shield restricted)
rNeg     . . .     Faith    .   b - +0 robe
rPois    .         Spirit   .   (helmet restricted)
rElec    .         Reflect  .   (no cloak)
rCorr    .         Harm     .   (gloves unavailable)
MR       .....                  (boots unavailable)
Stlth    +.........             (no amulet)
HPRegen  0.06/turn              (no ring)
MPRegen  0.11/turn              (no ring)

@: appendage (expiring), very quick
A: very small, unfitting armour, horns 2, see invisible, herbivore, speed 3,
slow metabolism 2
a: End Transformation


You were on level 2 of the Dungeon.
You were not hungry.
You had grown temporary horns.
You visited 1 branch of the dungeon, and saw 2 of its levels.

You collected 107 gold pieces.

Inventory:

Missiles
 a - 9 arrows
Armour
 b - a +0 robe (worn)
Scrolls
 c - 2 scrolls of remove curse {!r, unknown}
 g - a scroll of enchant weapon {!r, unknown}
 h - 2 scrolls of amnesia {!r, unknown}
 i - 3 scrolls of fog {!r, unknown}
 j - a scroll of enchant armour {!r, unknown}
 k - a scroll of identify {!r, unknown}
Potions
 e - a potion of degeneration {!q, unknown}
 f - a potion of curing {!q, unknown}
Comestibles
 d - a ration


   Skills:
 - Level 2.4 Fighting
 - Level 3.0 Dodging
 - Level 2.4 Unarmed Combat
 + Level 3.0 Spellcasting
 + Level 3.0 Transmutations


You had 5 spell levels left.
You knew the following spells:

 Your Spells              Type           Power        Failure   Level  Hunger
a - Beastly Appendage     Tmut           ##....       6%          1    #......
b - Sticks to Snakes      Tmut           ##......     9%          2    ##.....

Your spell library contained the following spells:

 Spells                   Type           Power        Failure   Level  Hunger
 Spider Form              Tmut/Pois      #.........   34%         3    ###....
 Blade Hands              Tmut           ##........   86%         5    ######.
 Ice Form                 Ice/Tmut       #.......     75%         4    #####..


Dungeon Overview and Level Annotations

Branches:
Dungeon (2/15)

Altars:


Innate Abilities, Weirdness & Mutations

You are very small and have problems with some larger weapons.
You are too small for most types of armour.
You have supernaturally acute eyesight. (SInv)
You are a herbivore.
You cover ground extremely quickly.
You need to consume almost no food.
You have a pair of horns on your head.


Message History

A worm comes into view.
A worm is nearby!
Casting: Beastly Appendage (safe; 6% risk of failure)
Confirm with . or Enter, or press ? or * to list all spells.
You create a snake!
You now have 11 arrows.
Found a stone staircase leading down.
Casting: Sticks to Snakes (safe; 9% risk of failure)
Confirm with . or Enter, or press ? or * to list all spells.
You grow a pair of large bovine horns.
You hit the worm but do no damage. You headbutt the worm!
The worm is moderately wounded.
You hit the worm.
The worm is heavily wounded.
The worm bites you.
You hit the worm but do no damage.
The worm is moderately wounded.
You hit the worm but do no damage.
The worm is moderately wounded.
The worm barely misses you.
You barely miss the worm.
The worm is moderately wounded.
The worm bites you!
Ouch! That really hurt!
* * * LOW HITPOINT WARNING * * *
You swap places.
Your ball python grabs the worm.
Your ball python constricts the worm.
The worm misses your ball python.
Your ball python constricts the worm.
Your ball python constricts the worm.
The worm bites your ball python!
Your ball python dies!
Your transformation is almost over.
Casting: Beastly Appendage (safe; 6% risk of failure)
Confirm with . or Enter, or press ? or * to list all spells.
You create a snake!
You now have 10 arrows.
The worm closely misses your ball python.
Your ball python grabs the worm.
Your ball python constricts the worm.
Casting: Sticks to Snakes (safe; 9% risk of failure)
Confirm with . or Enter, or press ? or * to list all spells.
You create a snake!
You now have 9 arrows.
Your ball python constricts the worm.
The worm bites your ball python.
Your ball python dies!
Your horns disappear.
Casting: Sticks to Snakes (safe; 9% risk of failure)
Confirm with . or Enter, or press ? or * to list all spells.
You grow a pair of large bovine horns.
Your ball python grabs the worm.
Your ball python constricts the worm.
The worm bites you.
* * * LOW HITPOINT WARNING * * *
Your ball python constricts the worm.
Your ball python constricts the worm.
Your ball python constricts the worm.
The worm struggles to escape constriction.
Your transformation is almost over.
Your ball python constricts the worm.
The worm struggles to escape constriction.
Your ball python constricts the worm.
Your ball python constricts the worm.
The worm escapes!
Your ball python grabs the worm.
Your ball python constricts the worm.
You hit the worm.
You headbutt the worm, but do no damage.
The worm is almost dead.
Your ball python constricts the worm.
The worm bites you!
Ouch! That really hurt!
You die...

#.........########.#
###.#.....#..........#
.........#############
##.###.## ... #.# .##
#.# #.# #.######.#
#.....@wS# ########.#
#.# #.# #.# #.# .<.
..... #>...##


You could see a worm and a friendly ball python.

Vanquished Creatures
  A worker ant zombie (D:2)
  A dart slug (D:1)
  A leopard gecko (D:1)
  A ball python (D:1)
  4 bats
  A giant cockroach (D:2)
  4 goblins (D:1)
  2 hobgoblins (D:1)
  2 jackals (D:1)
  3 kobolds (D:1)
  A quokka (D:2)
  2 frilled lizards (D:1)
  5 rats
28 creatures vanquished.

Notes
Turn   | Place    | Note
-------+----------+-------------------------------------------
     0 | D:1      | Amnesiac the Spriggan Transmuter began the quest for the Orb.
     0 | D:1      | Reached XP level 1. HP: 9/9 MP: 5/5
   113 | D:1      | Reached skill level 1 in Fighting
   245 | D:1      | Reached XP level 2. HP: 15/15 MP: 4/6
   276 | D:1      | Learned a level 2 spell: Sticks to Snakes
  1359 | D:2      | Reached XP level 3. HP: 19/19 MP: 6/8
  1709 | D:2      | Slain by a worm

Vault maps used:
D:1:      kilobyte_arrival_exit_the_forest
D:2:      chequers_ecumenical_altar_simple, serial_bayou_pond_b, uniq_sigmund

Skill      XL: |  1  2  3 |
---------------+----------+-----
Fighting       | 1 2 |  2.4
Spellcasting   | 3 |  3.0
Transmutations | 3 |  3.0
Dodging        | |  3.0
Unarmed Combat | |  2.4

Action                   || total
-------------------------++-------
Melee: Unarmed           ||   128
       Kick              ||     5
       Headbutt          ||    12
 Cast: Beastly Appendage ||    17
       Sticks to Snakes  ||     3
 Stab: Sleeping          ||     1
Armor: Robe              ||     7
Dodge: Dodged            ||   109

Table legend:
 A = Spawn XP
 B = Non-spawn XP
 C = Spawn XP percentage of total XP
 D = Spawn monster count
 E = Non-spawn monster count
 F = Spawn count percentage of total count
 G = Total turns spent on level
                    A         B        C        D         E        F      G
               +---------+---------+-------+---------+---------+-------+---------
         Total |       0 |      63 |   0.0 |       0 |      28 |   0.0 |  1709
               +---------+---------+-------+---------+---------+-------+---------
           D:1 |       0 |      40 |   0.0 |       0 |      23 |   0.0 |  1353
           D:2 |       0 |      23 |   0.0 |       0 |       5 |   0.0 |   356
               +---------+---------+-------+---------+---------+-------+---------
